 Dungeon Crawl Stone Soup version 0.21-a0-142-gdd972a7 (webtiles) character file.

30 HateThisGame the Insei (level 3, 0/23 HPs)
             Began as an Octopode Transmuter on July 23, 2017.
             Slain by Natasha (5 damage)
             ... on level 2 of the Dungeon.
             The game lasted 00:01:43 (887 turns).

HateThisGame the Insei (Octopode Transmuter)         Turns: 887, Time: 00:01:44

Health: 0/23       AC:  1    Str:  9    XL:     3   Next: 20%
Magic:  5/6        EV: 14    Int: 22    God:
Gold:   53         SH:  0    Dex: 12    Spells: 3/6 levels left

rFire    . . .     SeeInvis .     - Unarmed
rCold    . . .     Gourm    .   (no shield)
rNeg     . . .     Faith    .   (helmet restricted)
rPois    .         Spirit   .   (no amulet)
rElec    .         Reflect  .   l - +6 ring of intelligence
rCorr    .         Harm     .   (no ring)
MR       .....                  (no ring)
Stlth    ++........             (no ring)
HPRegen  0.07/turn              (no ring)
MPRegen  0.10/turn              (no ring)
                                (no ring)
                                (no ring)

@: slowed, very slow
A: almost no armour, stealthy swim, amphibious, 8 rings, constrict 8, camouflage
1, gelatinous body 1
a: no special abilities


You were on level 2 of the Dungeon.
You were not hungry.

You visited 1 branch of the dungeon, and saw 2 of its levels.

You collected 53 gold pieces.

Inventory:

Missiles
 a - 7 arrows
Jewellery
 l - a +6 ring of intelligence (left tentacle)
Scrolls
 d - a scroll of amnesia {unknown}
Potions
 f - 3 potions of agility
 h - a potion of haste {unknown}
 m - a potion of degeneration {unknown}
 n - a potion of flight {unknown}
 p - 2 potions of cancellation {unknown}
Books
 b - a book of Changes

   Spells                             Type                      Level
   a - Beastly Appendage              Transmutation                1
   b - Sticks to Snakes               Transmutation                2
   c - Spider Form                    Transmutation/Poison         3
   d - Ice Form                       Ice/Transmutation            4
   e - Blade Hands                    Transmutation                5
Comestibles
 c - 3 bread rations


   Skills:
 + Level 1.5 Fighting
 + Level 2.6 Dodging
 * Level 3.6 Unarmed Combat
 - Level 2.0 Spellcasting
 - Level 2.0 Transmutations


You had 3 spell levels left.
You knew the following spells:

 Your Spells              Type           Power        Failure   Level  Hunger
a - Beastly Appendage     Tmut           ##....       6%          1    #......
b - Sticks to Snakes      Tmut           ##......     9%          2    ##.....


Dungeon Overview and Level Annotations

Branches:
Dungeon (2/15)

Altars:

Annotations:
D:2 Natasha


Innate Abilities, Weirdness & Mutations

You cannot wear most types of armour.
You are very stealthy in the water. (Stealth+)
You are amphibious.
You can wear up to eight rings at the same time.
You can use your tentacles to constrict eight enemies at once.
Your skin changes colour to match your surroundings (Stealth+).
Your rubbery body absorbs attacks. (AC +1, EV +1)


Message History

No target in view!
You start resting.
HP restored.
Natasha is too close now for your liking.
Natasha hisses angrily.
Natasha casts a spell at you. The magic dart hits you!
Natasha casts a spell at you.
You feel yourself slow down. Natasha claws you!
* * * LOW HITPOINT WARNING * * *
You closely miss Natasha. Your grab misses Natasha.
Your adder bites Natasha.
Natasha claws you.
* * * LOW HITPOINT WARNING * * *
Your adder closely misses Natasha.
You tentacle-slap Natasha but do no damage.
Your grab misses Natasha. You squeeze Natasha.
Natasha is severely wounded.
Your adder bites Natasha.
Your adder closely misses Natasha.
Natasha claws you.
You die...

.# .. #. #.
#.## #..# #Sh#
#S@# ##.##
#..# #
######..###.#
.............#
.#######..####
#†.#
##########
#..##
.........#
#...#


You could see Natasha and 2 friendly adders.

Vanquished Creatures
  2 worms (D:2)
  2 dart slugs (D:1)
  A leopard gecko (D:1)
  A ball python (D:1)
  3 bats (D:1)
  A giant cockroach (D:1)
  3 hobgoblins (D:1)
  A frilled lizard (D:2)
  3 goblins
  A kobold (D:1)
  2 rats (D:1)
20 creatures vanquished.

Notes
Turn   | Place    | Note
-------+----------+-------------------------------------------
     0 | D:1      | HateThisGame the Octopode Transmuter began the quest for the Orb.
     0 | D:1      | Reached XP level 1. HP: 13/13 MP: 3/3
   236 | D:1      | Reached XP level 2. HP: 18/18 MP: 5/5
   648 | D:2      | Learned a level 2 spell: Sticks to Snakes
   666 | D:2      | Reached XP level 3. HP: 23/23 MP: 6/6
   746 | D:2      | Noticed Natasha
   887 | D:2      | Slain by Natasha

Vault maps used:
D:1:      dpeg_arrival_water_altar
D:2:      uniq_natasha

Action                   || total
-------------------------++-------
Melee: Unarmed           ||    42
       Constrict         ||    10
       Tentacles         ||    10
 Cast: Sticks to Snakes  ||     5
  Use: Scroll            ||     7
 Stab: Sleeping          ||     3
Armor: Skin              ||     6
Dodge: Dodged            ||    27
